 Dungeon Crawl Stone Soup version bcrawl-1.38.1 (webtiles) character file.

Game seed: 16635852904115638469

495348 Morbidden the Nimble (level 14, -11/94 HPs)
             Began as a Fairy Archaeologist on Apr 4, 2023.
             Was a High Priest of Cheibriados.
             Killed by the raging water
             ... invoked by a water nymph
              (16 damage)
             ... on level 1 of the Shoals.
             The game lasted 00:25:03 (14995 turns).

Morbidden the Nimble (Fairy Archaeologist)         Turns: 14995, Time: 00:25:03

Health: -11/94     AC: 12    Str: 22    XL:     14   Next: 4%
Magic:  28/28      EV: 36    Int: 39    God:    Cheibriados [*****.]
Gold:   868        SH: 25    Dex: 30    Spells: 30/30 levels left

rFire    . . .     GDR:     38% b - +4 demon blade (freeze)
rCold    + . .     SeeInvis .   v - +0 buckler
rNeg     . . .     Gourm    .   (armour unavailable)
rPois    +         Faith    .   T - +2 hat {Int+3}
rElec    .         Spirit   .   y - scarf {repulsion}
rCorr    .         Reflect  +   g - +0 pair of fencer's gloves {Riposte Dex+6}
MR       +....     Clarity  +   d - +1 pair of boots
Stlth    ++++++....             Q - amulet of Accord {Reflect *Drain +Inv rPois SH+2 Stlth+}
HPRegen  0.25/turn              k - ring of protection from cold
MPRegen  0.21/turn              I - ring of stealth

@: flying evasively, repel missiles, very slow
A: small, magic attunement, unstealthy, unfitting armour, able to fly, AC/SH +7
a: Stop Flying, Bend Time, Defer, Temporal Distortion, Step From Time, Renounce
Religion, Evoke Invisibility


You were on level 1 of the Shoals.
You worshipped Cheibriados.
Cheibriados was extremely pleased with you.
You were not hungry.

You visited 4 branches of the dungeon, and saw 15 of its levels.
You also visited: Ossuary and Ice Cave.

You collected 868 gold pieces.

Inventory:

Hand Weapons
 a - a +5 dagger of venom
 b - a +4 demon blade of freezing (weapon)
 f - a +0 blowgun
 p - a +2 short sword of draining
 t - a +2 dagger of pain
Missiles
 h - 33 curare-tipped needles
 r - 200 poisoned needles
 O - 77 poisoned tomahawks (quivered)
Armour
 d - a +1 pair of boots (worn)
 g - the +0 pair of fencer's gloves (worn) {Riposte Dex+6}
   (You acquired it on level 2 of the Dungeon)

   It affects your dexterity (+6).
 v - a +0 buckler (worn)
 y - a scarf of repulsion (worn)
 T - a +2 hat of intelligence (worn)
Jewellery
 c - an uncursed amulet of guardian spirit {unknown}
 k - a ring of protection from cold (left hand)
 w - an uncursed ring of positive energy
 I - a ring of stealth (right hand)
 Q - the amulet of Accord (around neck) {Reflect *Drain +Inv rPois SH+2 Stlth+}
   (You took it off a kobold brigand on level 9 of the Dungeon)

   [amulet of reflection]

   It shields you and reflects attacks.
   It protects you from poison.
   It lets you turn invisible.
   It causes draining when unequipped.
   It affects your SH (+2).
   It makes you more stealthy.
 R - the cursed ring of the Scavenger {+Fly Dex+3}
   (You took it off an orc on level 9 of the Dungeon)

   [ring of flight]

   It affects your dexterity (+3).
   It lets you fly.
   It has a curse placed upon it.
Wands
 m - a wand of random effects (8)
 D - a wand of iceblast (7)
 M - a wand of flame (54)
 N - a wand of disintegration (4)
Scrolls
 i - a scroll of identify
 n - 5 scrolls of fog
 o - 3 scrolls of amnesia
 q - 7 scrolls of remove curse
 s - 3 scrolls of teleportation
 C - 4 scrolls of immolation
 H - a scroll of magic mapping
 L - a scroll of enchant armour
Potions
 j - 9 potions of curing
 l - a potion of heal wounds
 u - 2 potions of lignification {unknown}
 x - a potion of resistance {unknown}
 z - 2 potions of agility
 A - 3 potions of berserk rage
 B - 2 potions of flight
 E - 6 potions of degeneration
 F - a potion of mutation {unknown}
 G - 3 potions of haste {unknown}
 J - a potion of might {unknown}
 K - 2 potions of brilliance {unknown}
Miscellaneous
 P - a phial of floods
Comestibles
 e - 21 rations {!d}


   Skills:
 * Level 8.1 Fighting
 * Level 11.5(12.6) Short Blades
 * Level 7.4(9.7) Long Blades
   Level 0.7 Maces & Flails
 + Level 2.3 Throwing
 * Level 13.7 Dodging
 + Level 4.4 Stealth
 * Level 6.0 Shields
 + Level 1.9 Unarmed Combat
 * Level 8.7 Spellcasting
 * Level 8.8 Evocations


You had 30 spell levels left.
You didn't know any spells.
Your spell library contained the following spells:

 Spells                   Type           Power        Failure   Level  Hunger
 Apportation              Tloc           ###...       4%          1    None
 Corona                   Hex            ###....      4%          1    None
 Infusion                 Chrm           ###.....     4%          1    None
 Sandblast                Erth           ###...       4%          1    None
 Slow                     Hex            ###.....     4%          1    None
 Summon Butterflies       Summ           ###.....     4%          1    None


Dungeon Overview and Level Annotations

Branches:
Dungeon (9/12)             Temple (1/1) D:6            Lair (4/6) D:9
 Shoals (1/3) Lair:4       Spider (0/3) Lair:3
    Orc: D:8-11

Altars:
Ashenzari
Cheibriados
Dithmenos
Elyvilon
Fedhas
Gozag
Hepliaklqana
Kikubaaqudgha
Lugonu
Makhleb
Nemelex Xobeh
Okawaru
Qazlal
Ru
Sif Muna
Trog
Uskayaw
Vehumet
Wu Jian
Xom
Yredelemnul
Zin
The Shining One

Annotations:
D:3 1 runed translucent door, yrara's ghost, amateur DsFi


Innate Abilities, Weirdness & Mutations

Your spells do not cause hunger and MP costs are reduced by 1.
Your bright wings attract enemies. (Stealth-)
You cannot fit into any form of body armour.
Your shimmering scales are hard and can block incoming attacks. (AC +7, SH +7)
You are small and have problems with some larger weapons.
You can fly continuously.


Message History

You are unaffected.
The wind drake exhales a fierce blast of wind!
You are blown backwards!
No path to travel!
No path to travel!
Your surroundings suddenly seem different.
A water nymph comes into view.
No path to travel!
No path to travel!
The water nymph shouts!
You hit the water nymph. You freeze the water nymph.
The water nymph is lightly wounded.
The water nymph gestures at you. The water rises up and strikes you!!
* * * LOW HITPOINT WARNING * * *
You slash the water nymph! You freeze the water nymph.
The water nymph is heavily wounded.
The water nymph gestures at you. The water rises up and strikes you!
You die...

..≈≈≈≈≈≈≈≈≈≈≈≈≈≈≈≈≈≈≈≈
#..≈≈≈≈≈≈≈≈≈≈≈≈≈≈≈≈≈≈≈≈
#.?S≈≈≈≈≈≈≈≈≈≈≈≈≈≈≈≈≈≈≈.
#...≈≈≈≈≈≈≈≈≈≈≈≈≈≈≈≈≈≈≈.
#>.≈≈≈≈≈≈≈≈≈≈≈≈≈≈≈≈≈≈≈≈.
..≈≈...≈..≈≈≈≈≈≈≈....≈.
.≈≈≈≈......≈≈≈m≈≈......
.≈≈≈≈≈.<...≈≈≈@≈...#
≈≈...
≈≈≈≈≈.......≈≈≈....#
....
≈≈≈≈..####..≈≈≈≈≈..# .≈.
... ≈.....
#..[..≈≈≈........[ ..
.....
...≈≈≈≈≈≈≈.........###.
k....
..≈≈≈≈≈≈≈≈≈.....≈...?...
.##m
...≈≈.≈≈≈≈≈≈≈≈..........
..
..≈≈≈≈≈≈≈≈≈≈≈≈≈.........
.≈≈≈≈≈≈≈≈≈≈≈≈≈.......(.


You could see a water nymph.

Vanquished Creatures
  A merfolk impaler (Shoals:1)
  3 hydras
  A merfolk aquamancer (Shoals:1)
  An alligator (Lair:4)
  A two-headed ogre (D:9)
  5 death yaks (Lair:3)
  2 sea snakes (Shoals:1)
  A gelid demonspawn (IceCv)
  3 manticores
  A water nymph (Shoals:1)
  2 black mambas
  A merfolk siren (Shoals:1)
  7 cane toads
  2 jumping spiders (Lair:3)
  4 komodo dragons
  3 rime drakes
  8 ice devils (IceCv)
  A merfolk (Shoals:1)
  Grinder (D:3)
  7 blink frogs
  2 polar bears (Lair:3)
  2 snapping turtles (Shoals:1)
  4 hippogriffs
  Sigmund (D:4)
  4 spriggans (Lair:2)
  41 yaks
  2 water elementals (Shoals:1)
  A wyvern (Lair:2)
  2 basilisks
  A redback (Lair:3)
  An acid dragon (Lair:2)
  8 crocodiles
  Duvessa (D:4)
  4 porcupines
  8 water moccasins
  An orc warrior (D:9)
  3 phantoms
  A black bear (Lair:3)
  3 ogres
  2 sky beasts (D:7)
  35 wolves
  8 bullfrogs
  4 kobold brigands
  3 centaurs
  2 water moccasin zombies (Ossuary)
  Dowan (D:4)
  A wyvern skeleton (D:9)
  3 scorpions
  12 killer bees
  A howler monkey (D:6)
  4 orc priests
  5 crimson imps
  A quasit (D:8)
  9 hounds
  A bullfrog skeleton (D:6)
  4 jellies
  5 orc wizards
  Jessica (D:2)
  5 iguanas
  7 worker ants
  A killer bee zombie (D:7)
  2 hound zombies
  2 mummies (Ossuary)
  2 howler monkey skeletons
  A worker ant zombie (D:5)
  3 gnolls (D:8)
  6 adders
  A shadow imp (D:7)
  10 white imps (IceCv)
  5 ufetubi (IceCv)
  3 oozes
  A worm zombie (D:4)
  5 adder zombies
  5 worms
  3 dart slugs
  4 leopard geckos
  20 orcs
  A ball python (D:3)
  4 giant cockroaches
  A gnoll zombie (Ossuary)
  5 goblins
  7 hobgoblins
  6 jackals
  22 kobolds
  2 quokkas
  6 bats
  6 frilled lizards
  6 hobgoblin zombies (Ossuary)
  9 kobold zombies (Ossuary)
  8 orc zombies (Ossuary)
  5 rats
  A rat zombie (D:4)
  A butterfly (D:6)
423 creatures vanquished.

Vanquished Creatures (others)
  A merfolk (Shoals:1)
  2 water elementals (Shoals:1)
  A white imp (IceCv)
  5 ufetubi (IceCv)
  A quokka (D:6)
  2 fungi (D:9)
  A plant (Shoals:1)
13 creatures vanquished.

Grand Total: 436 creatures vanquished

Notes
Turn   | Place    | Note
-------+----------+-------------------------------------------
     0 | D:1      | Morbidden the Fairy Archaeologist began the quest for the
                  | Orb.
     0 | D:1      | Reached XP level 1. HP: 12/12 MP: 3/3
   117 | D:1      | Reached XP level 2. HP: 18/18 MP: 4/4
  1065 | D:2      | Reached XP level 3. HP: 15/22 MP: 5/5
  1205 | D:2      | Reached skill level 1 in Evocations
  1389 | D:2      | Noticed Jessica
  1445 | D:2      | Reached skill level 5 in Dodging
  1468 | D:2      | Killed Jessica
  1469 | D:2      | Reached skill level 1 in Fighting
  1469 | D:2      | Reached XP level 4. HP: 18/28 MP: 7/7
  1851 | D:2      | Reached skill level 1 in Unarmed Combat
  1851 | D:2      | Reached skill level 1 in Spellcasting
  1886 | D:2      | Reached XP level 5. HP: 33/33 MP: 8/8
  1886 | D:2      | Identified a scroll of acquirement
  1887 | D:2      | Found the +0 pair of fencer's gloves {Riposte Dex+6}
  2198 | D:3      | Noticed Grinder
  2224 | D:3      | Killed Grinder
  2225 | D:3      | Reached skill level 6 in Dodging
  2225 | D:3      | Reached XP level 6. HP: 29/40 MP: 8/11
  2485 | D:3      | Found a hazy altar of Hepliaklqana.
  2532 | D:3      | Reached XP level 7. HP: 40/45 MP: 12/12
  2690 | D:3      | Found a runed translucent door.
  2694 | D:3      | Noticed yrara's ghost (amateur DsFi)
  2896 | D:4      | Noticed Duvessa
  2896 | D:4      | Noticed Dowan
  2907 | D:4      | Killed Duvessa
  2910 | D:4      | Killed Dowan
  2937 | D:4      | Found a sand-covered staircase.
  2955 | D:4      | Found a shimmering altar of Xom.
  2983 | D:4      | Found a sacrificial altar of Ru.
  3007 | Ossuary  | Entered an ossuary
  3180 | Ossuary  | Reached XP level 8. HP: 51/51 MP: 14/14
  3306 | D:4      | Noticed Sigmund
  3320 | D:4      | Killed Sigmund
  3321 | D:4      | Reached skill level 5 in Short Blades
  3321 | D:4      | Reached skill level 7 in Dodging
  3825 | D:5      | Entered Level 5 of the Dungeon
  4141 | D:5      | Found a corrupted altar of Lugonu.
  4735 | D:5      | Found a sparkling altar of Nemelex Xobeh.
  5156 | D:6      | Reached XP level 9. HP: 54/58 MP: 16/16
  5228 | D:6      | Found a staircase to the Ecumenical Temple.
  5238 | Temple   | Entered the Ecumenical Temple
  5858 | D:6      | Found a white marble altar of Elyvilon.
  5988 | D:6      | Reached skill level 8 in Dodging
  6488 | D:7      | Noticed a +0 dagger
  6488 | D:7      | Noticed a +0 dagger
  6489 | D:7      | Found a hide-covered altar of Uskayaw.
  6634 | D:7      | Reached skill level 5 in Evocations
  6867 | D:7      | Reached skill level 9 in Dodging
  7032 | D:8      | Reached XP level 10. HP: 47/65 MP: 17/19
  7046 | D:8      | Reached skill level 5 in Spellcasting
  7560 | D:8      | Found a shadowy altar of Dithmenos.
  7712 | D:8      | Reached skill level 5 in Fighting
  7722 | D:8      | Reached skill level 10 in Dodging
  8093 | D:9      | Noticed a two-headed ogre
  8107 | D:9      | Killed a two-headed ogre
  8108 | D:9      | Reached XP level 11. HP: 68/72 MP: 22/22
  8268 | D:9      | Reached skill level 11 in Dodging
  8307 | D:9      | Reached skill level 10 in Short Blades
  8425 | D:9      | Identified the cursed ring of the Scavenger {+Fly Dex+3}
  8429 | D:9      | Found a staircase to the Lair.
  8438 | D:9      | Identified the amulet of Accord {Reflect *Drain +Inv rPois
                  | SH+2 Stlth+}
  8773 | D:9      | Found a snail-covered altar of Cheibriados.
  8826 | D:9      | Became a worshipper of Cheibriados the Contemplative
  8895 | D:8      | Found a burning altar of Makhleb.
  8895 | D:8      | Found a basalt altar of Yredelemnul.
  8895 | D:8      | Found an iron altar of Okawaru.
  8895 | D:8      | Found a shattered altar of Ashenzari.
  8960 | Lair:1   | Entered Level 1 of the Lair of Beasts
  9109 | Lair:1   | Noticed a four-headed hydra
  9122 | Lair:1   | Killed a four-headed hydra
  9123 | Lair:1   | Reached skill level 1 in Throwing
  9879 | Lair:2   | Found a frozen archway.
  9885 | Lair:2   | Reached * piety under Cheibriados
  9895 | Lair:2   | Reached skill level 12 in Dodging
  9909 | IceCv    | Entered an ice cave
 10531 | IceCv    | Reached XP level 12. HP: 75/80 MP: 24/24
 10583 | IceCv    | Reached skill level 1 in Long Blades
 10948 | IceCv    | Reached ** piety under Cheibriados
 12101 | Lair:2   | Noticed a seven-headed hydra
 12116 | Lair:2   | Killed a seven-headed hydra
 12782 | Lair:3   | Reached *** piety under Cheibriados
 12786 | Lair:3   | Reached skill level 1 in Shields
 12809 | Lair:3   | Reached **** piety under Cheibriados
 12822 | Lair:3   | Reached skill level 13 in Dodging
 12981 | Lair:3   | Reached XP level 13. HP: 86/86 MP: 25/27
 13293 | Lair:3   | Reached skill level 5 in Long Blades
 13742 | Lair:3   | Found a hole to the Spider Nest.
 13921 | Lair:4   | Reached ***** piety under Cheibriados
 13970 | Lair:4   | Found a staircase to the Shoals.
 14684 | Shoals:1 | Entered Level 1 of the Shoals
 14696 | Shoals:1 | Reached skill level 5 in Shields
 14698 | Shoals:1 | Noticed a merfolk impaler
 14709 | Shoals:1 | Killed a merfolk impaler
 14978 | Shoals:1 | Reached XP level 14. HP: 59/94 MP: 28/28
 14995 | Shoals:1 | Killed from afar by a water nymph

Skill      XL: |  1  2  3  4  5  6  7  8  9 10 11 12 13 14 |
---------------+-------------------------------------------+-----
Evocations     | 1 3 4 5 6 7 8 |  8.8
Dodging        | 5 6 7 9 10 12 13 | 13.7
Fighting       | 1 2 3 4 5 6 7 8 |  8.1
Unarmed Combat | 1 |  1.9
Spellcasting   | 1 2 3 4 6 7 8 |  8.7
Short Blades   | 2 4 6 8 9 10 11 | 11.5
Stealth        | 3 4 |  4.4
Throwing       | 1 2 |  2.3
Long Blades    | 4 7 |  7.4
Shields        | 2 5 6 |  6.0
Maces & Flails | |  0.7

Action                   |  1- 3 |  4- 6 |  7- 9 | 10-12 | 13-15 || total
-------------------------+-------+-------+-------+-------+-------++-------
Melee: Whip              |    82 |       |       |       |       ||    82
       Dagger            |    81 |       |   405 |   493 |    19 ||   998
       Short sword       |    49 |   117 |       |     7 |     8 ||   181
       Punch             |       |     2 |     3 |     6 |       ||    11
       Long sword        |       |       |       |   115 |       ||   115
       Demon blade       |       |       |       |   189 |   244 ||   433
 Fire: Blowgun           |     2 |     6 |       |       |       ||     8
Throw: Tomahawk          |       |       |       |    28 |    14 ||    42
 Abil: Stop Flying       |       |       |       |     2 |       ||     2
       Fly               |       |       |       |     1 |     1 ||     2
Evoke: Wand              |       |       |       |     5 |       ||     5
  Use: Scroll            |     3 |     2 |     3 |    14 |     3 ||    25
       Potion            |     1 |       |       |     5 |       ||     6
 Stab: Sleeping          |       |       |     5 |    15 |    10 ||    30
       Distracted        |       |       |     2 |     1 |       ||     3
  Eat: Chunk             |     4 |     7 |    17 |    25 |     8 ||    61
       Ration            |     1 |       |     1 |     2 |     1 ||     5
Armor: Skin              |    55 |    27 |    54 |    90 |    17 ||   243
Dodge: Dodged            |   221 |    84 |   251 |   693 |   207 ||  1456
       Deflected         |       |       |       |       |     5 ||     5
Block: Other             |    47 |    24 |    89 |   183 |       ||   343
       Reflection        |       |       |       |     4 |    13 ||    17
       Buckler           |       |       |       |   247 |   370 ||   617
       Rpst.: Short sword |       |    29 |       |     2 |       ||    31
       Dagger            |       |       |   149 |   167 |     8 ||   324
       Long sword        |       |       |       |    55 |       ||    55
       Demon blade       |       |       |       |   185 |    78 ||   263
